Map: Tours du crépuscule

Players

zidar - Winner!

  • Race: Zerg Zerg
  • League: Gold
  • Spawn Location: 7:00

TSDxLukaszZ

  • Race: Protoss Protoss
  • League: Silver
  • Spawn Location: 1:00

VOD

Have the link to the VOD?

Description

Time

  • Played on: June 19, 2016, 11:18 a.m.
  • Length: 5:02
Show
View Real Time Build Order
Export as new Build Order

zidar Zerg - Winner!

Build Orders: Pool First 

Get SALT Encoding   

  12  0:02  Drone  
  13  0:12  Overlord  
  13  0:17  Drone  
  14  0:30  Drone x2  
  16  0:42  Spawning Pool  
  16  0:45  Drone  
  16  1:12  Hatchery  
  16  1:13  Drone  
  16  1:19  Extractor, Drone  
  16  1:31  Drone x2  
  18  1:58  Queen  
  20  2:01  Zergling x4  
  20  2:06  Overlord  
  22  2:20  Metabolic Boost  
  22  2:28  Queen  
  24  2:35  Zergling x6  
  26  2:49  Zergling x8  
  30  3:03  Zergling x4  
  32  3:09  Zergling x2  
  33  3:15  Zergling x4  
  35  3:21  Overlord  
  35  3:43  Zergling x10  
  40  3:55  Zergling x6  
  37  4:23  Zergling x12  
Show
View Real Time Build Order
Export as new Build Order

TSDxLukaszZ Protoss 

Build Orders: 1 Gate Expand 

Get SALT Encoding   

  12  0:01  Probe (Chrono Boost)  
  13  0:12  Probe (Chrono Boost)  
  14  0:18  Pylon  
  14  0:22  Probe (Chrono Boost)  
  15  0:37  Probe (Chrono Boost)  
  15  0:38  Gateway  
  16  1:00  Probe (Chrono Boost)  
  17  1:19  Nexus  
  17  1:28  Cybernetics Core  
  17  1:30  Assimilator  
  18  1:32  Probe (Chrono Boost)  
  18  1:55  Gateway  
  18  1:59  Probe (Chrono Boost)  
  18  2:00  Pylon  
  19  2:06  Assimilator  
  21  2:14  Adept (Chrono Boost)  
  21  2:18  Probe  
  22  2:31  Pylon  
  22  2:37  Warp Gate (Chrono Boost)  
  22  2:43  Adept (Chrono Boost)  
  24  2:47  Probe  
  24  2:50  Pylon  
  25  2:52  Probe  
  25  2:57  Probe  
  26  3:03  Adept (Chrono Boost)  
  29  3:05  Probe  
  29  3:08  Probe (Chrono Boost)  
  31  3:18  Mothership Core (Chrono Boost)  
  33  3:20  Probe (Chrono Boost)  
  33  3:22  Adept  
  36  3:30  Probe (Chrono Boost)  
  37  3:35  Assimilator  
  37  3:39  Adept  
  37  3:40  Probe, Assimilator  
  40  3:50  Twilight Council  
  40  3:55  Probe x2  
  41  3:57  Pylon  
  32  4:22  Gateway  
  24  4:25  Gateway  
  24  4:31  Gateway, Pylon  
  24  4:44  Pylon  
  23  4:51  Adept  
  22  4:54  Adept  
Tags
 
Add a new tag
Caveats
  • Supply blocks, unpowered buildings, or Contaminate may cause inaccurate times.
  • Supply counts are checked every 10 seconds.